 Dungeon Crawl Stone Soup version 0.31-a0-152-g6aa68a64a1 (webtiles) character file.

Game seed: 2657694983063427891

0 Elmgren the Trooper (level 1, 14/14 HPs)
             Began as a Gargoyle Berserker on June 9, 2023.
             Was a Follower of Trog.
             Quit the game on level 1 of the Dungeon.
             The game lasted 00:00:30 (37 turns).

Elmgren the Trooper (Gargoyle Berserker)              Turns: 37, Time: 00:00:31

Health: 14/14      AC:  4    Str: 20    XL:     1   Next: 10%
Magic:  1/1        EV: 11    Int:  7    God:    Trog [*.....]
Gold:   0          SH:  0    Dex:  9    Spells: 0/0 levels left

rFire   . . .        a - +0 hand axe
rCold   . . .        (no shield)
rNeg    + . .        b - +0 animal skin
rPois   inf          (no helmet)
rElec   +            (no cloak)
rCorr   .            (no gloves)
SInv    .            (no boots)
Will    .....        (no amulet)
Stlth   +            (no ring)
HPRegen 0.22/turn    (no ring)
MPRegen 0.07/turn

%: no passive effects
@: no status effects
A: sickness immunity, AC +2, negative energy resistance 1, electricity
resistance, torment resistance 1, petrification resistance
a: Renounce Religion, Berserk


You were on level 1 of the Dungeon.
You worshipped Trog.
Trog was aware of your devotion.
You visited 1 branch of the dungeon, and saw 1 of its levels.


Innate Abilities, Weirdness & Mutations

You are immune to sickness and miasma.
Your stone body is resilient. (AC +2)
You are immune to poison.
You resist negative energy. (rN+)
You are resistant to electric shocks. (rElec)
You are resistant to unholy torment.
You are immune to petrification.


   Skills:
 - Level 3.2 Fighting
 + Level 2.7 Axes
 - Level 2.1 Armour
 - Level 1.5 Dodging


You couldn't memorise any spells.
You didn't know any spells.
Your spell library was empty.

Inventory:

Hand Weapons
 a - a +0 hand axe (weapon)
Armour
 b - a +0 animal skin (worn)
 c - a +0 robe of cold resistance

Dungeon Overview and Level Annotations

Branches:
Dungeon (1/15)

Altars:


Message History

Lua error: [string "/dgldir/rcfiles/crawl-git/Elmgren.rc"]:6826: attempt to call field 'hunger_name' (a nil value) Lua error: [string "/dgldir/rcfiles/crawl-git/Elmgren.rc"]:6826: attempt to call field 'hunger_name' (a nil value) Lua error: [string "/dgldir/rcfiles/crawl-git/Elmgren.rc"]:6826: attempt to call field 'hunger_name' (a nil value) Lua error: [string "/dgldir/rcfiles/crawl-git/Elmgren.rc"]:6826: attempt to call field 'hunger_name' (a nil value) Lua error: [string "/dgldir/rcfiles/crawl-git/Elmgren.rc"]:6826: attempt to call field 'hunger_name' (a nil value) Lua error: [string "/dgldir/rcfiles/crawl-git/Elmgren.rc"]:6826: attempt to call field 'hunger_name' (a nil value)
c - a +0 robe of cold resistance Lua error: [string "/dgldir/rcfiles/crawl-git/Elmgren.rc"]:6826: attempt to call field 'hunger_name' (a nil value) Lua error: [string "/dgldir/rcfiles/crawl-git/Elmgren.rc"]:6826: attempt to call field 'hunger_name' (a nil value) Lua error: [string "/dgldir/rcfiles/crawl-git/Elmgren.rc"]:6826: attempt to call field 'hunger_name' (a nil value) Lua error: [string "/dgldir/rcfiles/crawl-git/Elmgren.rc"]:6826: attempt to call field 'hunger_name' (a nil value) Lua error: [string "/dgldir/rcfiles/crawl-git/Elmgren.rc"]:6826: attempt to call field 'hunger_name' (a nil value) Lua error: [string "/dgldir/rcfiles/crawl-git/Elmgren.rc"]:6826: attempt to call field 'hunger_name' (a nil value) Lua error: [string "/dgldir/rcfiles/crawl-git/Elmgren.rc"]:6826: attempt to call field 'hunger_name' (a nil value) Lua error: [string "/dgldir/rcfiles/crawl-git/Elmgren.rc"]:6826: attempt to call field 'hunger_name' (a nil value) Lua error: [string "/dgldir/rcfiles/crawl-git/Elmgren.rc"]:6826: attempt to call field 'hunger_name' (a nil value) Lua error: [string "/dgldir/rcfiles/crawl-git/Elmgren.rc"]:6826: attempt to call field 'hunger_name' (a nil value) Lua error: [string "/dgldir/rcfiles/crawl-git/Elmgren.rc"]:6826: attempt to call field 'hunger_name' (a nil value) Lua error: [string "/dgldir/rcfiles/crawl-git/Elmgren.rc"]:6826: attempt to call field 'hunger_name' (a nil value) Lua error: [string "/dgldir/rcfiles/crawl-git/Elmgren.rc"]:6826: attempt to call field 'hunger_name' (a nil value)
A ball python comes into view.
You see here 4 atropa-tipped darts.
Lua error: [string "/dgldir/rcfiles/crawl-git/Elmgren.rc"]:6826: attempt to call field 'hunger_name' (a nil value)
The ball python barely misses you. The ball python grabs you.
The ball python constricts you.
Lua error: [string "/dgldir/rcfiles/crawl-git/Elmgren.rc"]:6826: attempt to call field 'hunger_name' (a nil value)
You hit the ball python.
You kill the ball python!
Trog accepts your kill.
Lua error: [string "/dgldir/rcfiles/crawl-git/Elmgren.rc"]:6826: attempt to call field 'hunger_name' (a nil value) Lua error: [string "/dgldir/rcfiles/crawl-git/Elmgren.rc"]:6826: attempt to call field 'hunger_name' (a nil value) Lua error: [string "/dgldir/rcfiles/crawl-git/Elmgren.rc"]:6826: attempt to call field 'hunger_name' (a nil value) Lua error: [string "/dgldir/rcfiles/crawl-git/Elmgren.rc"]:6826: attempt to call field 'hunger_name' (a nil value) Lua error: [string "/dgldir/rcfiles/crawl-git/Elmgren.rc"]:6826: attempt to call field 'hunger_name' (a nil value) Lua error: [string "/dgldir/rcfiles/crawl-git/Elmgren.rc"]:6826: attempt to call field 'hunger_name' (a nil value) Lua error: [string "/dgldir/rcfiles/crawl-git/Elmgren.rc"]:6826: attempt to call field 'hunger_name' (a nil value) Lua error: [string "/dgldir/rcfiles/crawl-git/Elmgren.rc"]:6826: attempt to call field 'hunger_name' (a nil value) Lua error: [string "/dgldir/rcfiles/crawl-git/Elmgren.rc"]:6826: attempt to call field 'hunger_name' (a nil value) Lua error: [string "/dgldir/rcfiles/crawl-git/Elmgren.rc"]:6826: attempt to call field 'hunger_name' (a nil value) Are you sure you want to abandon this character and quit the game? (Confirm with "yes".)

#.## ###.#####
...# #.......#
#..# #.#.###.#
#..# #.#.###.####
#..# #.#.........
#..# #.#.........
#..####(##.##.####
#.............####
#@..............#.
#.#.##########.##.
#.#.# #..'. ..#.#
####. ####.# #.
#.# ## #.#


There were no monsters in sight!

Vanquished Creatures
  A ball python (D:1)
1 creature vanquished.

Notes
Turn   | Place    | Note
-------+----------+-------------------------------------------
     0 | D:1      | Elmgren the Gargoyle Berserker began the quest for the Orb.
     0 | D:1      | Reached XP level 1. HP: 14/14 MP: 1/1
     0 | D:1      | 0 ||| counter = 1
    37 | D:1      | Quit the game

Levels and vault maps discovered:
D:1:      minmay_arrival_checkered_box, layout_loops_ring, feat_on_display

Action                     || total
---------------------------++-------
  Melee: Hand axe          ||     1
  Dodge: Dodged            ||     1

Table legend:
 A = Non-vault XP
 B = Vault XP
 C = Vault XP percentage of total XP
 D = Non-vault monster count
 E = Vault monster count
 F = Vault count percentage of total count
                 A         B        C        D         E       F
            +---------+---------+-------+---------+---------+-------
      Total |       1 |       0 |   0.0 |       1 |       0 |   0.0
            +---------+---------+-------+---------+---------+-------
        D:1 |       1 |       0 |   0.0 |       1 |       0 |   0.0
            +---------+---------+-------+---------+---------+-------
